[Event "26th Abu Dhabi Master 2019"]
[Site "Abu Dhabi"]
[Date "2019.08.03"]
[Round "2.67"]
[White "Gajwa Ankit"]
[Black "Ilyasli, Ughur"]
[Result "0-1"]
[ECO "C11"]
[WhiteElo "2302"]
[BlackElo "2104"]
[Annotator "NA"]
[PlyCount "106"]
[EventDate "2019.08.02"]
[EventType "swiss"]
[EventCountry "UAE"]
[SourceTitle "playchess.com"]
[Source "ChessBase"]
[SourceQuality "1"]
[TimeControl "5400+30"]

1. e4 e6 2. d4 d5 3. Nc3 Nf6 4. e5 Nfd7 5. f4 c5 6. Nf3 Nc6 7. Be3 cxd4 8. Nxd4 Bc5 9. Qd2 O-O 10. O-O-O a6 11. h4 Nxd4 12. Bxd4 b5 13. Rh3 Qb6 14. Re3 f6 15. exf6 Nxf6 16. Be2 Bd7 17. g4 b4 18. Bxc5 Qxc5 19. Nb1 Rac8 20. Bxa6 Rc6 21. Bd3 Nxg4 22. Re2 Ra8 23. f5 exf5 24. Rde1 Rf8 25. Qf4 Qd6 26. Qd4 Qc5 27. Qf4 Qd6 28. Qd4 Rf7 29. Nd2 Qc5 30. Qf4 Qd6 31. Qd4 f4 32. Nf3 h6 33. h5 Qc5 34. Bg6 Rf8 35. Re7 Qxd4 36. Nxd4 Rd6 37. Nf3 Bf5 38. Bxf5 Rxf5 39. Rg1 Kf8 40. Rb7 Nf6 41. Rgxg7 Nxh5 42. Rgc7 Kg8 43. Rxb4 Rg6 44. Rb8+ Rf8 45. Rxf8+ Kxf8 46. a4 Ra6 47. b3 Nf6 48. Kb2 Ne4 49. c4 Ng5 50. Nxg5 hxg5 51. cxd5 f3 52. Rc6 Rxc6 53. dxc6 Ke7 0-1

[Event "26th Abu Dhabi Master 2019"]
[Site "Abu Dhabi"]
[Date "2019.08.03"]
[Round "2.68"]
[White "Salem, Ghuloom"]
[Black "Haase, Pavel"]
[Result "1/2-1/2"]
[ECO "C01"]
[WhiteElo "2205"]
[BlackElo "2160"]
[Annotator "NA"]
[PlyCount "44"]
[EventDate "2019.08.02"]
[EventType "swiss"]
[EventCountry "UAE"]
[SourceTitle "playchess.com"]
[Source "ChessBase"]
[SourceQuality "1"]
[TimeControl "5400+30"]

1. e4 e6 2. d4 d5 3. exd5 exd5 4. Nf3 Bd6 5. Be2 Ne7 6. c4 c6 7. O-O O-O 8. Nc3 Nd7 9. b3 Re8 10. Qc2 Nf8 11. Bd3 f6 12. h3 Be6 13. Re1 Qd7 14. c5 Bc7 15. Ne2 g5 16. Ng3 Nfg6 17. Nh5 Rf8 18. Qe2 Bf5 19. Bxf5 Nxf5 20. Qe6+ Qxe6 21. Rxe6 Ng7 22. Nxg7 Kxg7 1/2-1/2

[Event "26th Abu Dhabi Master 2019"]
[Site "Abu Dhabi"]
[Date "2019.08.03"]
[Round "2.69"]
[White "Ashraf, Artin"]
[Black "Samant Aditya S"]
[Result "1-0"]
[ECO "A05"]
[WhiteElo "2141"]
[BlackElo "2296"]
[Annotator "NA"]
[PlyCount "139"]
[EventDate "2019.08.02"]
[EventType "swiss"]
[EventCountry "UAE"]
[SourceTitle "playchess.com"]
[Source "ChessBase"]
[SourceQuality "1"]
[TimeControl "5400+30"]

1. Nf3 Nf6 2. c4 e6 3. g3 d5 4. b3 Be7 5. Bb2 O-O 6. Bg2 c6 7. O-O Nbd7 8. d4 b6 9. Nfd2 Bb7 10. e4 dxe4 11. Nc3 Qc7 12. Ndxe4 Rad8 13. Nxf6+ Nxf6 14. Qe2 c5 15. Nb5 Qd7 16. dxc5 Bxg2 17. Kxg2 Bxc5 18. Qf3 Qe7 19. Rad1 e5 20. Rxd8 Rxd8 21. Rd1 Rxd1 22. Qxd1 h5 23. Nc3 Ng4 24. Nd5 Qg5 25. Qe2 e4 26. Qxe4 Qd2 27. Qe8+ Kh7 28. Qxf7 Qxb2 29. Qxh5+ Nh6 30. Qf3 Qxa2 31. b4 Qxc4 32. bxc5 bxc5 33. Ne3 Qd4 34. g4 Qf6 35. Qd5 Qd4 36. Qh5 g6 37. Qg5 Nf7 38. Qe7 Kg7 39. Qxa7 Qe4+ 40. Kg1 Qb1+ 41. Kg2 Qe4+ 42. Kg1 c4 43. Qc7 Qb1+ 44. Kg2 Qe4+ 45. Kg1 Qb1+ 46. Kg2 Qe4+ 47. Kg3 Qh1 48. Qxc4 Qg1+ 49. Ng2 Qa1 50. Qc7 Kg8 51. Ne3 Qg1+ 52. Kf3 Qh1+ 53. Ke2 Qe4 54. Qb8+ Kg7 55. Qc7 Kg8 56. Qc4 Qe5 57. f4 Qb2+ 58. Qc2 Qb6 59. Kf3 Qf6 60. Nd5 Qd6 61. Qe4 Qa3+ 62. Ne3 Qd6 63. h4 Qf6 64. g5 Qb6 65. h5 Kg7 66. Kg4 Qd6 67. hxg6 Qxg6 68. Nf5+ Kh8 69. Qh1+ Qh7 70. Qa1+ 1-0

[Event "26th Abu Dhabi Master 2019"]
[Site "Abu Dhabi"]
[Date "2019.08.03"]
[Round "2.70"]
[White "Eynullayev, Atilla"]
[Black "Wang, Shanshan"]
[Result "1-0"]
[ECO "D90"]
[WhiteElo "2228"]
[BlackElo "2122"]
[Annotator "NA"]
[PlyCount "83"]
[EventDate "2019.08.02"]
[EventType "swiss"]
[EventCountry "UAE"]
[SourceTitle "playchess.com"]
[Source "ChessBase"]
[SourceQuality "1"]
[TimeControl "5400+30"]

1. d4 Nf6 2. c4 g6 3. Nc3 d5 4. Nf3 Bg7 5. h4 h5 6. Bg5 Ne4 7. cxd5 Nxc3 8. bxc3 Qxd5 9. e3 c5 10. Be2 cxd4 11. cxd4 Qa5+ 12. Qd2 Qxd2+ 13. Kxd2 Nc6 14. Rab1 e6 15. Rhc1 a6 16. Bd1 Na5 17. Rb6 Bd7 18. Rc5 Bb5 19. Be2 f6 20. Bxb5+ axb5 21. Rbxb5 Nc6 22. Rxb7 Rxa2+ 23. Ke1 Ra1+ 24. Ke2 Ra2+ 25. Nd2 O-O 26. Rxc6 fxg5 27. Rxe6 Rf7 28. Rxf7 Kxf7 29. Re4 gxh4 30. Rxh4 Bf8 31. d5 Be7 32. Rd4 Bc5 33. Rd3 Bb4 34. e4 Ke7 35. e5 g5 36. d6+ Kd7 37. Ke3 Bc5+ 38. Ke4 Bb6 39. Kf5 g4 40. Kf6 Ke8 41. e6 Bc5 42. Ne4 1-0

[Event "26th Abu Dhabi Master 2019"]
[Site "Abu Dhabi"]
[Date "2019.08.03"]
[Round "2.71"]
[White "Vantika Agrawal"]
[Black "Davainis, Marius"]
[Result "1-0"]
[ECO "A60"]
[WhiteElo "2243"]
[BlackElo "2105"]
[Annotator "NA"]
[PlyCount "69"]
[EventDate "2019.08.02"]
[EventType "swiss"]
[EventCountry "UAE"]
[SourceTitle "playchess.com"]
[Source "ChessBase"]
[SourceQuality "1"]
[TimeControl "5400+30"]

1. d4 Nf6 2. c4 c5 3. d5 e6 4. Nc3 exd5 5. cxd5 Bd6 6. Nf3 O-O 7. g3 Re8 8. Bg2 Bc7 9. O-O d6 10. Nd2 a6 11. a4 Nbd7 12. Nc4 Ne5 13. Nxe5 Rxe5 14. e4 Rb8 15. f4 Re8 16. e5 dxe5 17. f5 Ba5 18. g4 Bxc3 19. bxc3 Qd6 20. g5 Nd7 21. f6 g6 22. h4 Nf8 23. h5 Bf5 24. hxg6 Bxg6 25. Qg4 Rbd8 26. c4 Nd7 27. Be4 Bxe4 28. Qxe4 Kh8 29. Ra3 Qf8 30. g6 fxg6 31. f7 Re7 32. Bg5 Rc8 33. Qxg6 hxg6 34. Rh3+ Qh6 35. Bxh6 1-0

[Event "26th Abu Dhabi Master 2019"]
[Site "Abu Dhabi"]
[Date "2019.08.03"]
[Round "2.72"]
[White "Srihari L"]
[Black "Gomes, Mary Ann"]
[Result "1/2-1/2"]
[ECO "B53"]
[WhiteElo "2101"]
[BlackElo "2303"]
[Annotator "NA"]
[PlyCount "93"]
[EventDate "2019.08.02"]
[EventType "swiss"]
[EventCountry "UAE"]
[SourceTitle "playchess.com"]
[Source "ChessBase"]
[SourceQuality "1"]
[TimeControl "5400+30"]

1. e4 c5 2. Nf3 d6 3. d4 cxd4 4. Qxd4 a6 5. c4 Nc6 6. Qe3 Bg4 7. Be2 Rc8 8. b3 e5 9. Bb2 Nf6 10. O-O Bxf3 11. Bxf3 Be7 12. Rd1 Qc7 13. Nc3 Nd4 14. Rac1 O-O 15. g3 Nxf3+ 16. Qxf3 Qa5 17. Nd5 Nxd5 18. Rxd5 Qb6 19. Rcd1 Rc5 20. Rxc5 Qxc5 21. Rd5 Qc6 22. Qd3 b6 23. f4 f6 24. a4 Qc8 25. f5 g6 26. Ba3 Rd8 27. Kg2 Qc7 28. Qd2 gxf5 29. exf5 Bf8 30. g4 Rd7 31. Kg3 h5 32. h3 hxg4 33. hxg4 Qd8 34. a5 bxa5 35. Qd3 Qb8 36. Kg2 Qb7 37. Kg3 Bh6 38. Rxd6 Rxd6 39. Bxd6 Bf4+ 40. Kf2 e4 41. Qd1 e3+ 42. Kg1 Qe4 43. Bxf4 Qxf4 44. Qd8+ Kf7 45. Qd7+ Kf8 46. Qd8+ Kf7 47. Qd7+ 1/2-1/2

[Event "26th Abu Dhabi Master 2019"]
[Site "Abu Dhabi"]
[Date "2019.08.03"]
[Round "2.74"]
[White "Sharma Isha"]
[Black "Alinasab, Mobina"]
[Result "1-0"]
[ECO "C04"]
[WhiteElo "2188"]
[BlackElo "2280"]
[Annotator "NA"]
[PlyCount "75"]
[EventDate "2019.08.02"]
[EventType "swiss"]
[EventCountry "UAE"]
[SourceTitle "playchess.com"]
[Source "ChessBase"]
[SourceQuality "1"]
[TimeControl "5400+30"]

1. e4 e6 2. d4 d5 3. Nd2 Nc6 4. Ngf3 Nf6 5. e5 Nd7 6. c3 f6 7. exf6 Qxf6 8. Be2 Bd6 9. Nf1 O-O 10. Ng3 e5 11. dxe5 Ndxe5 12. O-O Be6 13. Ng5 Bf7 14. f4 Nc4 15. Bd3 Rfe8 16. Bxh7+ Kf8 17. Be4 Qe7 18. Nf5 Bc5+ 19. Kh1 Qxe4 20. Nh7+ Kg8 21. Nf6+ Kh8 22. Nxe4 Rxe4 23. Qg4 Bf8 24. b3 Nd6 25. Ng3 Ree8 26. f5 Ne4 27. Bf4 Ne5 28. Qh4+ Kg8 29. Nxe4 dxe4 30. Bxe5 Rxe5 31. Rae1 Rae8 32. Re3 Be7 33. Qf4 Bc5 34. Rh3 e3 35. Qh4 Bh5 36. f6 gxf6 37. Qxf6 R8e7 38. Qf8+ 1-0

[Event "26th Abu Dhabi Master 2019"]
[Site "Abu Dhabi"]
[Date "2019.08.03"]
[Round "2.75"]
[White "Ajay Krishna, S."]
[Black "Thrish Karthik"]
[Result "1-0"]
[ECO "A06"]
[WhiteElo "2280"]
[BlackElo "2075"]
[Annotator "NA"]
[PlyCount "89"]
[EventDate "2019.08.02"]
[EventType "swiss"]
[EventCountry "UAE"]
[SourceTitle "playchess.com"]
[Source "ChessBase"]
[SourceQuality "1"]
[TimeControl "5400+30"]

1. Nf3 d5 2. c4 c6 3. g3 Nf6 4. Bg2 g6 5. b3 Bg7 6. Bb2 O-O 7. O-O Nbd7 8. d4 Ne4 9. Nbd2 Nxd2 10. Qxd2 Nf6 11. cxd5 Ne4 12. Qf4 cxd5 13. Rfc1 Be6 14. Ne5 Nd6 15. Nd3 Nf5 16. e3 h5 17. Qc7 Qxc7 18. Rxc7 b6 19. Nb4 Rfd8 20. Rac1 a5 21. Nc6 Rdc8 22. Na7 Rxc7 23. Rxc7 Bf6 24. a4 Nd6 25. Ba3 Ne8 26. Rb7 Nd6 27. Bxd6 exd6 28. Nb5 Rc8 29. Rc7 Rxc7 30. Nxc7 Bd8 31. Nb5 Kf8 32. Nc3 Bf6 33. Bxd5 Ke7 34. Kf1 Kd7 35. Ke2 h4 36. Kd3 hxg3 37. hxg3 Bd8 38. Bxe6+ fxe6 39. d5 exd5 40. Nxd5 g5 41. g4 Ke6 42. Ke4 Kd7 43. Kf5 Kc6 44. Ke6 Kc5 45. f4 {Kxd5+} 1-0

[Event "26th Abu Dhabi Master 2019"]
[Site "Abu Dhabi"]
[Date "2019.08.03"]
[Round "3.2"]
[White "Idani, Pouya"]
[Black "Maghsoodloo, Parham"]
[Result "0-1"]
[ECO "C15"]
[WhiteElo "2595"]
[BlackElo "2656"]
[Annotator "RC"]
[PlyCount "116"]
[EventDate "2019.08.02"]
[EventType "swiss"]
[EventCountry "UAE"]
[SourceTitle "playchess.com"]
[Source "ChessBase"]
[SourceQuality "1"]
[TimeControl "5400+30"]

1. e4 e6 2. d4 d5 3. Nc3 Bb4 4. exd5 exd5 5. Bd3 Nc6 6. Nf3 Nge7 7. O-O O-O 8. a3 Bxc3 9. bxc3 Bf5 10. Re1 Re8 11. Rb1 b6 12. c4 Bxd3 13. Qxd3 dxc4 14. Qxc4 Qd5 15. Qxd5 Nxd5 16. Rxe8+ Rxe8 17. Bd2 Nf6 18. c4 Ne4 19. Re1 Kf8 20. Bf4 Nd6 21. Rxe8+ Kxe8 22. Bxd6 cxd6 23. Kf1 d5 24. cxd5 Ne7 25. d6 Nf5 26. Ke2 f6 27. Kd3 Kd7 28. Nd2 Kxd6 29. Kc4 a6 30. Ne4+ Ke6 31. Kd3 Ne7 32. a4 Kd5 33. Nc3+ Kd6 34. Kc4 Nd5 35. Ne4+ Kc6 36. g3 Nc7 37. Kd3 Ne8 38. Nc3 Nd6 39. Na2 a5 40. Nc3 b5 41. axb5+ Nxb5 42. Na4 Nc7 43. Kc4 Nd5 44. Kb3 Kb5 45. Nc5 Ne7 46. Na4 Nf5 47. Nc3+ Kc6 48. Kc4 Nd6+ 49. Kd3 h5 50. h3 g5 51. f3 f5 52. f4 g4 53. h4 Nb5 54. Na4 Nc7 55. Kc4 Nd5 56. Kd3 Kb5 57. Nc5 a4 58. Kc2 Nxf4 0-1

[Event "26th Abu Dhabi Master 2019"]
[Site "Abu Dhabi"]
[Date "2019.08.03"]
[Round "3.7"]
[White "Abdusattorov, Nodirbek"]
[Black "Sanal, Vahap"]
[Result "1-0"]
[ECO "C88"]
[WhiteElo "2598"]
[BlackElo "2520"]
[Annotator "RC"]
[PlyCount "106"]
[EventDate "2019.08.02"]
[EventType "swiss"]
[EventCountry "UAE"]
[SourceTitle "playchess.com"]
[Source "ChessBase"]
[SourceQuality "1"]
[TimeControl "5400+30"]

1. e4 e5 2. Nf3 Nc6 3. Bb5 a6 4. Ba4 Nf6 5. O-O Be7 6. Re1 b5 7. Bb3 O-O 8. a4 Bb7 9. axb5 axb5 10. Rxa8 Qxa8 11. d3 d6 12. c3 Nd7 13. Nbd2 Nc5 14. Bc2 Ne6 15. Nf1 Bf6 16. Ne3 g6 17. Bb3 Bg7 18. Nd5 Na5 19. Ne7+ Kh8 20. Bxe6 fxe6 21. b4 Nc6 22. Nxc6 Bxc6 23. Ng5 Bd7 24. h4 Qa2 25. Be3 h6 26. Nh3 Kh7 27. Re2 Qa3 28. Rc2 c5 29. Qd2 Ra8 30. Kh2 Be8 31. bxc5 dxc5 32. c4 Rc8 33. Ra2 Qb4 34. Bxh6 Qxd2 35. Bxd2 b4 36. Ng5+ Kg8 37. Nxe6 Bf6 38. Be3 Bxh4 39. Nxc5 Be7 40. Nb3 Rd8 41. Ra7 Bf8 42. Nc5 Bxc5 43. Bxc5 b3 44. Ba3 Rxd3 45. Ra8 Kf7 46. f3 g5 47. Ra7+ Rd7 48. Ra5 g4 49. Kg3 gxf3 50. gxf3 Ke6 51. Bb2 Rd2 52. Rxe5+ Kf7 53. Ba3 Rd3 1-0

[Event "26th Abu Dhabi Master 2019"]
[Site "Abu Dhabi"]
[Date "2019.08.03"]
[Round "3.9"]
[White "Xu, Yi"]
[Black "Jobava, Baadur"]
[Result "0-1"]
[ECO "B12"]
[WhiteElo "2524"]
[BlackElo "2594"]
[Annotator "ChessBase"]
[PlyCount "88"]
[EventDate "2019.08.02"]
[EventType "swiss"]
[EventCountry "UAE"]
[SourceTitle "playchess.com"]
[Source "ChessBase"]
[SourceQuality "1"]
[TimeControl "5400+30"]

1. e4 c6 2. d4 d5 3. e5 Bf5 4. Nf3 e6 5. Be2 Ne7 6. c3 h6 7. O-O Nd7 8. Nbd2 Bh7 9. b4 Ng6 10. Nb3 Be7 11. Ne1 O-O 12. f4 b6 13. Be3 a5 14. Nd3 Qc7 15. g4 Nh4 16. Bf2 axb4 17. cxb4 Ra3 18. Bg3 Rfa8 19. Qd2 Bxd3 20. Qxd3 c5 21. bxc5 bxc5 22. dxc5 Nxc5 23. Qc2 Qa7 24. Nxc5 Qxc5+ 25. Qxc5 Bxc5+ 26. Kh1 Rxa2 27. Rxa2 Rxa2 28. Bd3 Ra3 29. Bb1 Nf3 30. Rc1 Nd2 31. Bf2 Nxb1 32. Bxc5 Rb3 33. Bd4 Na3 34. Rc8+ Kh7 35. Rf8 Nc2 36. Bg1 Rb7 37. f5 Ne1 38. Bd4 exf5 39. gxf5 Nf3 40. Bc3 d4 41. e6 dxc3 42. exf7 Rb2 43. Rh8+ Kxh8 44. f8=Q+ Kh7 0-1

[Event "26th Abu Dhabi Master 2019"]
[Site "Abu Dhabi"]
[Date "2019.08.03"]
[Round "3.16"]
[White "Aravindh, Chithambaram VR."]
[Black "Vignesh N R"]
[Result "1-0"]
[ECO "B53"]
[WhiteElo "2600"]
[BlackElo "2466"]
[Annotator "RC"]
[PlyCount "97"]
[EventDate "2019.08.02"]
[EventType "swiss"]
[EventCountry "UAE"]
[SourceTitle "playchess.com"]
[Source "ChessBase"]
[SourceQuality "1"]
[TimeControl "5400+30"]

1. e4 c5 2. Nf3 d6 3. d4 cxd4 4. Qxd4 Nf6 5. Bb5+ Bd7 6. c4 Nc6 7. Bxc6 Bxc6 8. Nc3 e6 9. O-O Be7 10. Qd3 O-O 11. Nd4 Qc7 12. Re1 Rad8 13. Bg5 h6 14. Bh4 Ng4 15. Bxe7 Qxe7 16. Qg3 Ne5 17. b3 Qg5 18. Rad1 a6 19. Re2 Rd7 20. Red2 Rfd8 21. Nxc6 bxc6 22. Na4 Qh5 23. f3 Kf8 24. Qf2 Ke7 25. Nb6 Rc7 26. c5 d5 27. exd5 exd5 28. g4 Qg5 29. Re2 Kf8 30. Qg3 Re7 31. Rde1 Ng6 32. h4 Qf6 33. Rxe7 Nxe7 34. Qc7 Ng6 35. Nd7+ Rxd7 36. Qxd7 Kg8 37. Qf5 Qd4+ 38. Kf1 Qxc5 39. Qc8+ Kh7 40. Qf5 Kg8 41. h5 Nf8 42. Qc8 Qc3 43. Kf2 Qd4+ 44. Kg3 Qc3 45. Re8 Qc5 46. Kh3 a5 47. Qd8 a4 48. bxa4 d4 49. a5 1-0

[Event "26th Abu Dhabi Master 2019"]
[Site "Abu Dhabi"]
[Date "2019.08.03"]
[Round "3.22"]
[White "Laxman, R.R."]
[Black "Vaibhav, Suri"]
[Result "1/2-1/2"]
[ECO "A40"]
[WhiteElo "2429"]
[BlackElo "2591"]
[Annotator "ChessBase"]
[PlyCount "105"]
[EventDate "2019.08.02"]
[EventType "swiss"]
[EventCountry "UAE"]
[SourceTitle "playchess.com"]
[Source "ChessBase"]
[SourceQuality "1"]
[TimeControl "5400+30"]

1. d4 e6 2. Nf3 Nf6 3. c4 d5 4. e3 b6 5. Nc3 Bd6 6. Bd3 Bb7 7. O-O O-O 8. b3 dxc4 9. bxc4 c5 10. Bb2 cxd4 11. exd4 Nbd7 12. Nb5 Be7 13. Qe2 Re8 14. Rfd1 Bf8 15. Rac1 a6 16. Nc3 g6 17. Ne4 Nxe4 18. Bxe4 Bxe4 19. Qxe4 Bg7 20. Ne5 Qc7 21. Qf4 f6 22. Nd3 Qxf4 23. Nxf4 Bh6 24. g3 Rac8 25. Rc3 Bxf4 26. gxf4 Kf7 27. Ba3 b5 28. Rh3 h5 29. d5 exd5 30. cxb5 Nb6 31. bxa6 Ra8 32. Bc5 Rxa6 33. f5 gxf5 34. Rxh5 Kg6 35. Rh3 Nd7 36. Rxd5 Nxc5 37. Rxc5 Rxa2 38. Rg3+ Kf7 39. Rxf5 Rh8 40. Rf4 Ra5 41. Kg2 Rah5 42. h3 Rh4 43. Rff3 R8h5 44. Ra3 Rg5 45. Kh2 Kg6 46. Ra6 Rf4 47. Rxg5+ Kxg5 48. Kg3 Rf5 49. h4+ Kg6 50. Ra4 Rb5 51. Rg4+ Kh6 52. Rf4 Kg6 53. Kg4 1/2-1/2

[Event "26th Abu Dhabi Master 2019"]
[Site "Abu Dhabi"]
[Date "2019.08.03"]
[Round "3.23"]
[White "Santos Latasa, Jaime"]
[Black "Suleymanli, Aydin"]
[Result "1-0"]
[ECO "D11"]
[WhiteElo "2594"]
[BlackElo "2416"]
[Annotator "ChessBase"]
[PlyCount "97"]
[EventDate "2019.08.02"]
[EventType "swiss"]
[EventCountry "UAE"]
[SourceTitle "playchess.com"]
[Source "ChessBase"]
[SourceQuality "1"]
[TimeControl "5400+30"]

1. d4 d5 2. c4 c6 3. Nf3 Nf6 4. e3 e6 5. b3 c5 6. cxd5 Nxd5 7. Bb2 cxd4 8. Nxd4 Bb4+ 9. Nd2 O-O 10. a3 Bc3 11. Bxc3 Nxc3 12. Qc2 Nd5 13. Bd3 Nf6 14. O-O Qe7 15. b4 Nbd7 16. Nc4 Nb6 17. Na5 e5 18. Nf5 Bxf5 19. Bxf5 g6 20. Bh3 Nbd5 21. Rac1 Rfe8 22. Rfd1 Rad8 23. g3 e4 24. Bg2 Rd7 25. Qb2 h5 26. Rd4 h4 27. Nb3 hxg3 28. hxg3 Qe5 29. Nc5 Rde7 30. Qc2 Qh5 31. Nxe4 Nxe4 32. Rxe4 Rxe4 33. Bxe4 Nf6 34. Bg2 Re5 35. Qd1 Qxd1+ 36. Rxd1 b6 37. Kf1 Kg7 38. Rd6 Rf5 39. Ke2 Rb5 40. Ke1 Rf5 41. Rc6 Ng4 42. Bh3 Rf6 43. Rxf6 Nxf6 44. Ke2 Kf8 45. Kd3 Ke7 46. e4 Nh5 47. Kd4 Kd6 48. e5+ Kc6 49. a4 {[%emt 0:00:39] Kd5+ Ke4+} 1-0

[Event "26th Abu Dhabi Master 2019"]
[Site "Abu Dhabi"]
[Date "2019.08.03"]
[Round "3.24"]
[White "Paichadze, Luka"]
[Black "Vaishali R"]
[Result "1-0"]
[ECO "B31"]
[WhiteElo "2567"]
[BlackElo "2344"]
[Annotator "ChessBase"]
[PlyCount "51"]
[EventDate "2019.08.02"]
[EventType "swiss"]
[EventCountry "UAE"]
[SourceTitle "playchess.com"]
[Source "ChessBase"]
[SourceQuality "1"]
[TimeControl "5400+30"]

1. e4 c5 2. Nf3 Nc6 3. Bb5 g6 4. O-O Bg7 5. c3 Nf6 6. Re1 O-O 7. h3 d5 8. e5 Ne8 9. d4 cxd4 10. cxd4 Nc7 11. Bxc6 bxc6 12. Nbd2 Ne6 13. Nb3 h6 14. Bd2 a5 15. a4 Qb6 16. Ra3 Bd7 17. Bc3 Rfb8 18. Qd2 c5 19. Bxa5 Qa7 20. dxc5 Rxb3 21. Rxb3 Nxc5 22. Ra3 Ne4 23. Qxd5 Qxf2+ 24. Kh1 Bxh3 25. Qxa8+ Bf8 26. Nh4 1-0

[Event "26th Abu Dhabi Master 2019"]
[Site "Abu Dhabi"]
[Date "2019.08.03"]
[Round "3.26"]
[White "Santos Ruiz, Miguel"]
[Black "Soham Kamotra"]
[Result "1-0"]
[ECO "B13"]
[WhiteElo "2567"]
[BlackElo "2136"]
[Annotator "ChessBase"]
[PlyCount "71"]
[EventDate "2019.08.02"]
[EventType "swiss"]
[EventCountry "UAE"]
[SourceTitle "playchess.com"]
[Source "ChessBase"]
[SourceQuality "1"]
[TimeControl "5400+30"]

1. e4 c6 2. d4 d5 3. exd5 cxd5 4. Bd3 Nc6 5. c3 Qc7 6. h3 g6 7. Nf3 Bf5 8. Be2 Bg7 9. Be3 Nf6 10. Nbd2 O-O 11. O-O Rad8 12. Re1 Rfe8 13. Bf1 Ne4 14. Qc1 Nd6 15. Bf4 b6 16. Ne5 f6 17. Nxc6 Qxc6 18. Qd1 e5 19. dxe5 fxe5 20. Bh2 Nc4 21. g4 Bh6 22. gxf5 Bxd2 23. Re2 Bf4 24. Bxf4 exf4 25. Rxe8+ Rxe8 26. Bg2 Re5 27. b3 Nd6 28. c4 Qc5 29. Bxd5+ Kg7 30. fxg6 Rg5+ 31. Kf1 Nf5 32. Qd2 hxg6 33. Re1 Qf8 34. Bf3 Qf6 35. Qxf4 Ne3+ 36. Qxe3 1-0

[Event "26th Abu Dhabi Master 2019"]
[Site "Abu Dhabi"]
[Date "2019.08.03"]
[Round "3.30"]
[White "Mullick, Raahil"]
[Black "Kiriakov, Petr"]
[Result "1/2-1/2"]
[ECO "C11"]
[WhiteElo "2211"]
[BlackElo "2516"]
[Annotator "ChessBase"]
[PlyCount "32"]
[EventDate "2019.08.02"]
[EventType "swiss"]
[EventCountry "UAE"]
[SourceTitle "playchess.com"]
[Source "ChessBase"]
[SourceQuality "1"]
[TimeControl "5400+30"]

1. e4 e6 2. d4 d5 3. Nc3 Nf6 4. e5 Nfd7 5. f4 c5 6. Nf3 Nc6 7. Be3 h6 8. Qd2 g5 9. dxc5 gxf4 10. Bxf4 Nxc5 11. O-O-O a6 12. Kb1 b5 13. Bd3 Qa5 14. Ne2 Qxd2 15. Rxd2 Ne4 16. Bxe4 dxe4 1/2-1/2

[Event "26th Abu Dhabi Master 2019"]
[Site "Abu Dhabi"]
[Date "2019.08.03"]
[Round "3.31"]
[White "Aronyak Ghosh"]
[Black "Kuybokarov, Temur"]
[Result "1/2-1/2"]
[ECO "A28"]
[WhiteElo "2349"]
[BlackElo "2511"]
[Annotator "ChessBase"]
[PlyCount "65"]
[EventDate "2019.08.02"]
[EventType "swiss"]
[EventCountry "UAE"]
[SourceTitle "playchess.com"]
[Source "ChessBase"]
[SourceQuality "1"]
[TimeControl "5400+30"]

1. c4 e5 2. Nc3 Nf6 3. Nf3 Nc6 4. d3 d5 5. cxd5 Nxd5 6. e4 Nxc3 7. bxc3 Bc5 8. Be2 O-O 9. O-O Qd6 10. Nd2 Be6 11. Nb3 Bb6 12. a4 Rfd8 13. Ba3 Qd7 14. Nc5 Bxc5 15. Bxc5 b6 16. Be3 f5 17. exf5 Bxf5 18. Qb3+ Be6 19. Qb5 a6 20. Qb2 Rf8 21. Rad1 Rae8 22. f3 h6 23. Rfe1 Qf7 24. Bf1 Rd8 25. Bf2 Rfe8 26. Bg3 Bf5 27. Re3 Kh7 28. Rde1 Qg6 29. d4 exd4 30. Rxe8 Rxe8 31. Rxe8 Qxe8 32. cxd4 Qd7 33. d5 1/2-1/2

[Event "26th Abu Dhabi Master 2019"]
[Site "Abu Dhabi"]
[Date "2019.08.03"]
[Round "3.32"]
[White "Sindarov, Javokhir"]
[Black "Mithil, Ajgaonkar"]
[Result "1-0"]
[ECO "B12"]
[WhiteElo "2479"]
[BlackElo "2314"]
[Annotator "ChessBase"]
[PlyCount "55"]
[EventDate "2019.08.02"]
[EventType "swiss"]
[EventCountry "UAE"]
[SourceTitle "playchess.com"]
[Source "ChessBase"]
[SourceQuality "1"]
[TimeControl "5400+30"]

1. e4 c6 2. d4 d5 3. f3 e6 4. Nc3 Bb4 5. Bd2 dxe4 6. Nxe4 Be7 7. c3 Nf6 8. Nxf6+ Bxf6 9. f4 Nd7 10. Be3 b6 11. Nf3 Bb7 12. Bd3 Qc7 13. O-O O-O 14. Ne5 Rad8 15. Qe2 c5 16. Bb5 Nb8 17. Rad1 Be7 18. f5 f6 19. Ng6 hxg6 20. fxg6 Rd5 21. Bf4 Qc8 22. Bc4 Qc6 23. dxc5 Bxc5+ 24. Kh1 Ba6 25. Rxd5 Qxd5 26. Qxe6+ Qxe6 27. Bxe6+ Kh8 28. Rf3 1-0

[Event "26th Abu Dhabi Master 2019"]
[Site "Abu Dhabi"]
[Date "2019.08.03"]
[Round "3.33"]
[White "Tahbaz, Arash"]
[Black "Eynullayev, Atilla"]
[Result "1-0"]
[ECO "A05"]
[WhiteElo "2461"]
[BlackElo "2228"]
[Annotator "ChessBase"]
[PlyCount "57"]
[EventDate "2019.08.02"]
[EventType "swiss"]
[EventCountry "UAE"]
[SourceTitle "playchess.com"]
[Source "ChessBase"]
[SourceQuality "1"]
[TimeControl "5400+30"]

1. Nf3 Nf6 2. g3 d5 3. Bg2 c5 4. O-O e6 5. d3 Nc6 6. Nbd2 g6 7. e4 Bg7 8. Re1 O-O 9. Qe2 b6 10. Nf1 e5 11. Ne3 dxe4 12. dxe4 Nd4 13. Qd1 Bb7 14. Nd2 b5 15. c3 Ne6 16. Qe2 a6 17. Rd1 Qb6 18. Nd5 Nxd5 19. exd5 Nc7 20. c4 f5 21. Nb3 f4 22. Qc2 Rad8 23. Bd2 bxc4 24. Qxc4 Qf6 25. d6+ Ne6 26. Bxb7 fxg3 27. fxg3 Qf2+ 28. Kh1 Rxd6 29. Rf1 1-0

[Event "26th Abu Dhabi Master 2019"]
[Site "Abu Dhabi"]
[Date "2019.08.03"]
[Round "3.34"]
[White "Pranav, V."]
[Black "Venkatesh, M.R."]
[Result "1-0"]
[ECO "C78"]
[WhiteElo "2316"]
[BlackElo "2480"]
[Annotator "ChessBase"]
[PlyCount "153"]
[EventDate "2019.08.02"]
[EventType "swiss"]
[EventCountry "UAE"]
[SourceTitle "playchess.com"]
[Source "ChessBase"]
[SourceQuality "1"]
[TimeControl "5400+30"]

1. e4 e5 2. Nf3 Nc6 3. Bb5 a6 4. Ba4 Nf6 5. O-O b5 6. Bb3 Bc5 7. c3 d6 8. d4 Bb6 9. Be3 O-O 10. Nbd2 h6 11. d5 Ne7 12. Bxb6 cxb6 13. Bc2 Ng6 14. g3 Bg4 15. Re1 Qc8 16. Re3 Bd7 17. Bd3 Ng4 18. Re1 f5 19. exf5 Bxf5 20. Ne4 Qd7 21. Nfd2 Ne7 22. f3 Nf6 23. Nxf6+ Rxf6 24. Ne4 Rf7 25. Bc2 Raf8 26. Re3 Bg6 27. Qd3 b4 28. Rf1 bxc3 29. bxc3 b5 30. Re2 a5 31. Ref2 b4 32. Qa6 Nf5 33. Re1 bxc3 34. Nxc3 Kh7 35. Nb5 Rf6 36. Qc6 Qf7 37. a4 h5 38. Qc4 Ne7 39. Be4 Bxe4 40. Qxe4+ Kg8 41. Rd1 Rc8 42. Re2 Ng6 43. Rc2 Rf8 44. Rc7 Qe8 45. Rdc1 Ne7 46. Rb7 Nf5 47. Rcc7 Qg6 48. Kf2 Kh8 49. Ke1 Qg5 50. Kd1 Ne3+ 51. Ke2 Nf5 52. Ke1 Nxg3 53. hxg3 Rxf3 54. Kd1 Rf2 55. Qd3 Rg2 56. Rf7 Rc8 57. Rbc7 Qg4+ 58. Ke1 e4 59. Rxc8+ Qxc8 60. Qc3 Qg4 61. Nd4 Rxg3 62. Qc4 Rg1+ 63. Rf1 e3 64. Rxg1 Qxg1+ 65. Ke2 Qf2+ 66. Kd3 Qd2+ 67. Ke4 Kh7 68. Qf1 Qf2 69. Qh3 g6 70. Qxe3 Qa2 71. Qf3 Qxa4 72. Qf7+ Kh6 73. Qf8+ Kh7 74. Qxd6 Qc4 75. Qe7+ Kh6 76. Qf8+ Kh7 77. d6 1-0